 Dungeon Crawl Stone Soup version 0.26-a0-940-gf7e0b5f775 (webtiles) character file.

Game seed: 13662780015010814786

29703 subsume the Carver (level 13, -6/95 HPs)
             Began as a Human Conjurer on Nov 27, 2020.
             Was an Elder of Sif Muna.
             Mangled by a komodo dragon (8 damage)
             ... while petrified by you
             ... on level 5 of the Lair of Beasts on Nov 28, 2020.
             The game lasted 03:34:01 (17182 turns).

subsume the Carver (Human Conjurer)                Turns: 17182, Time: 03:34:02

Health: -6/95      AC: 15    Str: 11    XL:     13   Next: 83%
Magic:  32/35      EV:  2    Int: 21    God:    Sif Muna [****..]
Gold:   815        SH:  0    Dex: 11    Spells: 19/30 levels left

rFire    . . .     SeeInvis .   V - +4 scimitar (flame)
rCold    . . .     Faith    +   (no shield)
rNeg     + + +     Spirit   .   T - +0 swamp dragon scales
rPois    ∞         Reflect  .   (no helmet)
rElec    .         Harm     .   c - +0 cloak {MR+}
rCorr    .         Rampage  .   e - +2 pair of gloves
MR       +....                  s - +0 pair of boots
Stlth    ++........             x - amulet of faith
HPRegen  0.25/turn              a - ring of magical power
MPRegen  0.24/turn              H - +4 ring of slaying

@: petrified
A: no striking features
a: Channel Magic, Forget Spell, Divine Exegesis, Renounce Religion


You were on level 5 of the Lair of Beasts.
You worshipped Sif Muna.
Sif Muna was greatly pleased with you.
You visited 3 branches of the dungeon, and saw 17 of its levels.

You collected 1468 gold pieces.
You spent 653 gold pieces at shops.

Inventory:

Hand Weapons
 P - a +1 rapier of flaming
 V - a +4 scimitar of flaming (weapon)
Missiles
 f - 137 sling bullets
 v - 12 boomerangs
 Y - 48 bolts
Armour
 c - a +0 cloak of magic resistance (worn)
 e - a +2 pair of gloves (worn)
 s - a +0 pair of boots (worn)
 R - the +2 chain mail "Nets" {MR+ Dex+7 Slay-5}
   (You found it on level 9 of the Dungeon)

   It affects your dexterity (+7).
   It affects your accuracy and damage with ranged weapons and melee attacks
   (-5).
   It affects your resistance to hostile enchantments.
 T - +0 swamp dragon scales (worn)
Magical Staves
 d - an uncursed staff of earth
Jewellery
 a - a ring of magical power (left hand)
 j - an uncursed amulet of reflection
 x - an amulet of faith (around neck)
 C - a +4 ring of protection
 H - a +4 ring of slaying (right hand)
 L - an uncursed ring of protection from cold
 Q - an uncursed ring of see invisible
 X - an uncursed ring of positive energy
Wands
 n - a wand of digging (19)
 y - a wand of flame (20)
 z - a wand of iceblast (9)
 K - a wand of random effects (40)
 N - a wand of polymorph (5)
 U - a wand of disintegration (18)
Scrolls
 b - 2 scrolls of vulnerability
 h - 2 scrolls of enchant armour {unknown}
 k - 4 scrolls of magic mapping
 l - 2 scrolls of teleportation
 o - a scroll of fear
 B - 11 scrolls of remove curse
 D - a scroll of summoning {unknown}
 E - 4 scrolls of enchant weapon
 F - a scroll of amnesia {unknown}
 G - 5 scrolls of noise {unknown}
 J - 2 scrolls of immolation {unknown}
 Z - a scroll of silence {unknown}
Potions
 i - a potion of ambrosia {unknown}
 m - a potion of curing
 p - 4 potions of flight
 q - 6 potions of might
 r - 6 potions of lignification
 t - 2 potions of haste
 u - 3 potions of berserk rage
 A - 4 potions of resistance
 I - 2 potions of brilliance
 O - a potion of magic
 S - a potion of mutation {unknown}
 W - a potion of invisibility {unknown}
Miscellaneous
 g - a lightning rod (4/4)
 w - a phial of floods


   Skills:
 + Level 6.9 Fighting
 + Level 5.2(8.6) Short Blades
 + Level 10.6(11.1) Long Blades
 + Level 7.0 Armour
 + Level 6.2 Dodging
 + Level 4.8 Stealth
 - Level 1.0 Shields
 * Level 9.2 Spellcasting
 + Level 8.8 Conjurations
 + Level 5.6 Hexes
 * Level 6.5 Invocations


You had 19 spell levels left.
You knew the following spells:

 Your Spells              Type           Power        Failure   Level
a - Magic Dart            Conj           ####         1%          1
b - Searing Ray           Conj           #####.       1%          2
c - Dazzling Flash        Conj/Hex       #####.       2%          3
d - Ensorcelled Hibernat  Hex/Ice        ###...       7%          2
e - Tukima's Dance        Hex            ####....     4%          3

Your spell library contained the following spells:

 Spells                   Type           Power        Failure   Level
 Corona                   Hex            ####...      1%          1
 Slow                     Hex            ####....     2%          2
 Confusing Touch          Hex            ####....     4%          3
 Fulminant Prism          Conj/Hex       #####.....   8%          4
 Inner Flame              Hex/Fire       ###.....     14%         3
 Portal Projectile        Hex/Tloc       ###...       14%         3
 Summon Guardian Golem    Hex/Summ       ###.....     14%         3
 Cause Fear               Hex            ####......   14%         4
 Animate Skeleton         Necr           #.....       16%         1
 Beastly Appendage        Tmut           #.....       16%         1
 Pain                     Necr           #...         16%         1
 Summon Small Mammal      Summ           #...         16%         1
 Call Imp                 Summ           #.......     22%         2
 Wereblood                Tmut           #.......     22%         2
 Hailstorm                Conj/Ice       ####....     24%         4
 Iskenderun's Mystic Bla  Conj/Tloc      ####....     24%         4
 Call Canine Familiar     Summ           #.......     41%         3
 Spider Form              Tmut/Pois      #.........   41%         3
 Vampiric Draining        Necr           #.........   41%         3
 Leda's Liquefaction      Hex/Erth       ###.......   43%         4
 Irradiate                Conj/Tmut      ####......   56%         5
 Bolt of Magma            Conj/Fire/Erth ###.......   77%         5
 Metabolic Englaciation   Hex/Ice        ###.......   78%         5
 Silence                  Hex/Air        ###.......   78%         5
 Yara's Violent Unravell  Hex/Tmut       ###.......   78%         5
 Animate Dead             Necr           #.........   83%         4
 Ice Form                 Ice/Tmut       #.......     83%         4
 Summon Ice Beast         Ice/Summ       #.......     83%         4
 Summon Lightning Spire   Summ/Air       #.......     83%         4
 Iron Shot                Conj/Erth      ####......   98%         6
 Agony                    Necr           #.......     99%         5
 Blade Hands              Tmut           #.........   99%         5
 Hydra Form               Tmut           #.........   100%        6
 Statue Form              Tmut/Erth      #........    100%        6
 Dragon Form              Tmut           #.........   100%        7
 Discord                  Hex            ####......   100%        8
 Shatter                  Erth           #.........   100%        9


Dungeon Overview and Level Annotations

Branches:
Dungeon (11/15)            Temple (0/1) D:6            Lair (5/6) D:11
 Shoals (0/4) Lair:3        Snake (0/4) Lair:2          Orc (1/2) D:10
  Slime: Lair:5-6

Altars:
Fedhas
Gozag
Hepliaklqana
Kikubaaqudgha
Makhleb
Sif Muna
Trog
Xom
Yredelemnul
Beogh

Shops:
D:10 (?=

Annotations:
D:4 Natasha
D:7 exclusion: oklob plant
Lair:2 exclusion: 2 oklob plants


Message History

As you read the scroll of blinking, it crumbles to dust.
Found 21 stones.
The catoblepas breathes a plume of calcifying dust at you.
The blast of calcifying dust hits you but does no damage.
You are engulfed in calcifying dust.
You are slowing down.
Your limbs are stiffening.
The catoblepas breathes in.
The catoblepas breathes a plume of calcifying dust at you.
The blast of calcifying dust hits you but does no damage.
A blink frog comes into view.
You have turned to stone.
You are engulfed in calcifying dust. x4
The komodo dragon bites you!
* * * LOW HITPOINT WARNING * * *
You are engulfed in calcifying dust. x2
The catoblepas gores you!
* * * LOW HITPOINT WARNING * * *
The komodo dragon bites you!
You die...

#. ..... .
#...... .#
.....P.
.#......#
..#....#
#......##
#........
#@.......
#Yl(.....
#........
#......##
#......P# #..
#.......##....
##......#.#...P
#.............#
.............


You could see a catoblepas and a komodo dragon.

Vanquished Creatures
  6 hydras
  A catoblepas (Lair:4)
  Erica (D:10)
  A two-headed ogre (D:11)
  8 death yaks
  An unseen horror (D:10)
  An elephant (Lair:5)
  A black mamba (Lair:4)
  Psyche (D:10)
  A gargoyle (D:11)
  2 molten gargoyles (Lair:3)
  2 torpor snails
  The ghost of Demosthentine the Shield-Bearer, a novice FoFi of Cheibriados (D:5)
  A cane toad (Lair:2)
  Maggie (D:10)
  A rime drake (Lair:2)
  5 komodo dragons
  2 polar bears
  A troll (D:10)
  11 blink frogs
  A snapping turtle (Lair:3)
  Grinder (D:6)
  2 dream sheep (Lair:2)
  Prince Ribbit (D:6)
  Sigmund (D:6)
  A wyvern (Lair:2)
  12 yaks
  A basilisk (Lair:4)
  A naga (Lair:2)
  2 wargs (D:11)
  6 soldier ants
  7 water moccasins
  A hornet zombie (D:9)
  3 black bears
  2 orc warriors (D:10)
  3 sky beasts
  3 ice beasts
  4 ogres
  3 centaurs
  2 big kobolds
  22 bullfrogs
  3 gnoll sergeants (D:10)
  A water moccasin zombie (D:11)
  A scorpion (D:4)
  A wyvern skeleton (D:8)
  4 wights
  2 electric eels
  3 howler monkeys (D:7)
  5 lava snakes (Lair:3)
  7 orc wizards
  7 orc priests
  2 centaur skeletons
  2 centaur zombies
  8 hounds
  A gnoll shaman (D:10)
  3 jellies
  A bullfrog skeleton (D:5)
  3 iguanas
  19 worker ants
  2 worker ant zombies
  18 gnolls
  A howler monkey skeleton (D:5)
  5 adders
  2 shadow imps (D:8)
  5 white imps
  2 ufetubi
  An ooze (D:4)
  An adder zombie (D:6)
  A worm (D:3)
  2 dart slugs
  3 leopard geckos
  22 orcs
  4 giant cockroaches
  6 goblins
  11 hobgoblins
  9 jackals
  18 kobolds
  5 quokkas
  A ball python (D:3)
  9 bats
  5 frilled lizards
  3 leopard gecko skeletons
  A leopard gecko zombie (D:5)
  A quokka zombie (D:7)
  11 rats
350 creatures vanquished.

Vanquished Creatures (others)
  A hound zombie (D:6)
  An orc (D:6)
  16 fungi
  23 plants
41 creatures vanquished.

Grand Total: 391 creatures vanquished

Notes
Turn   | Place    | Note
-------+----------+-------------------------------------------
     0 | D:1      | subsume the Human Conjurer began the quest for the Orb.
     0 | D:1      | Reached XP level 1. HP: 13/13 MP: 3/3
   250 | D:1      | Reached XP level 2. HP: 14/19 MP: 3/5
   394 | D:1      | Learned a level 2 spell: Searing Ray
   425 | D:1      | You fall into a shaft and drop 1 floor!
   531 | D:2      | Found a hazy altar of Hepliaklqana.
   614 | D:1      | Reached XP level 3. HP: 24/24 MP: 3/6
  1247 | D:2      | Reached XP level 4. HP: 27/30 MP: 2/7
  1876 | D:3      | Found a basalt altar of Yredelemnul.
  1917 | D:3      | Reached skill level 1 in Short Blades
  2078 | D:3      | Found a shimmering blue altar of Sif Muna.
  2084 | D:3      | Became a worshipper of Sif Muna the Loreminder
  2365 | D:3      | Found a bloodstained altar of Trog.
  2601 | D:4      | Noticed Natasha
  2738 | D:4      | Reached skill level 1 in Long Blades
  2738 | D:4      | Reached skill level 5 in Conjurations
  2738 | D:4      | Reached XP level 5. HP: 35/35 MP: 4/8
  2784 | D:4      | Noticed an ogre
  2827 | D:4      | Noticed an ogre
  2833 | D:4      | Killed an ogre
  2834 | D:4      | Reached XP level 6. HP: 41/41 MP: 2/10
  2905 | D:4      | Killed an ogre
  2906 | D:4      | Reached skill level 2 in Long Blades
  2940 | D:4      | Found a burning altar of Makhleb.
  2976 | D:4      | Reached XP level 7. HP: 47/47 MP: 2/11
  3160 | D:4      | Reached skill level 1 in Armour
  3376 | D:5      | Entered Level 5 of the Dungeon
  3399 | D:5      | Reached skill level 1 in Shields
  3411 | D:5      | Found an ancient bone altar of Kikubaaqudgha.
  3438 | D:5      | Found a bloodstained altar of Trog.
  3562 | D:5      | Found a transporter.
  3563 | D:5      | Noticed Demosthentine's ghost (novice FoFi)
  3693 | D:5      | Found a transporter.
  3977 | D:6      | Noticed Grinder
  3978 | D:6      | Reached skill level 1 in Fighting
  3978 | D:6      | Reached skill level 3 in Long Blades
  4291 | D:6      | Noticed Sigmund
  4331 | D:6      | Noticed Prince Ribbit
  4423 | D:6      | Reached XP level 8. HP: 47/54 MP: 13/13
  4430 | D:6      | Killed Grinder
  4431 | D:6      | Reached skill level 4 in Long Blades
  4519 | D:6      | Reached * piety under Sif Muna
  4797 | D:6      | Killed Prince Ribbit
  4798 | D:6      | Reached skill level 5 in Long Blades
  4847 | D:6      | Reached XP level 9. HP: 61/61 MP: 15/15
  5104 | D:6      | Found a staircase to the Ecumenical Temple.
  5167 | D:7      | Found a shimmering altar of Xom.
  5167 | D:7      | Noticed an oklob plant
  5511 | D:7      | Found an opulent altar of Gozag.
  5596 | D:7      | Reached skill level 6 in Long Blades
  5841 | D:6      | Killed Sigmund
  5842 | D:6      | Reached skill level 5 in Spellcasting
  6125 | D:7      | Reached ** piety under Sif Muna
  6162 | D:7      | Reached XP level 10. HP: 69/71 MP: 8/17
  6172 | D:7      | Reached skill level 7 in Long Blades
  6457 | D:8      | Learned a level 3 spell: Dazzling Flash
  7151 | D:9      | Found a blossoming altar of Fedhas.
  7211 | D:9      | Found a burning altar of Makhleb.
  7220 | D:9      | Got a faintly humming chain mail
  7231 | D:9      | Identified the +2 chain mail "Nets" {MR+ Dex+7 Slay-5} (You
                  | found it on level 9 of the Dungeon)
  7334 | D:9      | Noticed a two-headed ogre
  7982 | D:10     | Entered Level 10 of the Dungeon
  8015 | D:10     | Reached *** piety under Sif Muna
  8131 | D:10     | Noticed Psyche
  8142 | D:10     | Killed Psyche
  8370 | D:10     | Reached skill level 5 in Armour
  8433 | D:10     | Found Nutsuacw's Magic Scroll Shop.
  8455 | D:10     | Bought a scroll of enchant weapon for 127 gold pieces
  8455 | D:10     | Bought a scroll of teleportation for 51 gold pieces
  8455 | D:10     | Bought a scroll of enchant weapon for 127 gold pieces
  8455 | D:10     | Bought a scroll of teleportation for 51 gold pieces
  8455 | D:10     | Bought a scroll of blinking for 127 gold pieces
  8455 | D:10     | Bought a scroll of remove curse for 51 gold pieces
  8455 | D:10     | Bought a scroll of identify for 34 gold pieces
  8455 | D:10     | Bought a scroll of remove curse for 51 gold pieces
  8455 | D:10     | Bought a scroll of identify for 34 gold pieces
  8472 | D:10     | Noticed Maggie
  8494 | D:10     | Killed Maggie
  8497 | D:10     | Noticed an unseen horror
  8514 | D:10     | Killed an unseen horror
  8515 | D:10     | Reached XP level 11. HP: 49/78 MP: 3/21
  8663 | D:10     | Found Poex's Weapon Emporium.
  8703 | D:10     | Noticed Erica
  8712 | D:10     | Killed Erica
  8888 | D:10     | Found a staircase to the Orcish Mines.
  8896 | D:10     | Reached skill level 5 in Fighting
  8909 | D:10     | Reached **** piety under Sif Muna
  8930 | D:10     | Reached skill level 5 in Short Blades
  9049 | D:10     | Found Soegg's Jewellery Boutique.
  9180 | Orc:1    | Entered Level 1 of the Orcish Mines
  9180 | Orc:1    | Found a roughly hewn altar of Beogh.
  9180 | Orc:1    | Noticed an orc warlord
  9181 | Orc:1    | Noticed an orc knight
  9437 | D:5      | Killed Demosthentine's ghost
  9438 | D:5      | Reached skill level 1 in Hexes
  9712 | D:11     | Reached skill level 1 in Invocations
  9905 | D:11     | Noticed a two-headed ogre
 10388 | D:11     | Killed a two-headed ogre
 10428 | D:11     | Found a staircase to the Lair.
 10481 | D:11     | Noticed a brown ugly thing
 10488 | D:11     | Noticed a cyclops
 10816 | Lair:1   | Entered Level 1 of the Lair of Beasts
 10869 | Lair:1   | Reached skill level 8 in Long Blades
 10909 | Lair:1   | Noticed a six-headed hydra
 11341 | Lair:1   | Reached XP level 12. HP: 51/86 MP: 14/23
 11642 | Lair:1   | Killed a two-headed hydra
 11643 | Lair:1   | Reached skill level 5 in Dodging
 11937 | Lair:1   | Upgraded the game from 0.26-a0-935-g3624241d3c to
                  | 0.26-a0-940-gf7e0b5f775
 12442 | Lair:2   | Noticed a queen ant
 12479 | Lair:2   | Noticed an eight-headed hydra
 12487 | Lair:2   | Killed a five-headed hydra
 12740 | Lair:2   | Reached skill level 9 in Long Blades
 12750 | Lair:2   | Noticed a seven-headed hydra
 12870 | Lair:2   | Killed a five-headed hydra
 12907 | Lair:2   | Found a staircase to the Snake Pit.
 12971 | Lair:2   | Noticed an eight-headed hydra
 12984 | Lair:2   | Killed a seven-headed hydra
 13923 | Lair:3   | Reached skill level 5 in Invocations
 13936 | Lair:3   | Reached ***** piety under Sif Muna
 13968 | Lair:3   | Reached XP level 13. HP: 88/94 MP: 12/25
 14051 | Lair:3   | Found a staircase to the Shoals.
 14685 | Lair:3   | Reached skill level 10 in Long Blades
 14685 | Lair:3   | Reached skill level 5 in Hexes
 14695 | Lair:3   | Identified Uffuqefe's Handbook of the Oath and Ice (Sif
                  | Muna gifted it to you on level 3 of the Lair of Beasts)
 14695 | Lair:3   | Received a gift from Sif Muna
 14703 | Lair:3   | Learned a level 2 spell: Ensorcelled Hibernation
 14707 | Lair:3   | Learned a level 3 spell: Tukima's Dance
 15046 | Lair:4   | Noticed a catoblepas
 15092 | Lair:4   | Killed a catoblepas
 15708 | Lair:4   | Noticed a five-headed hydra
 15719 | Lair:4   | Killed a two-headed hydra
 15763 | Lair:4   | Found a dark tunnel.
 16750 | Lair:5   | Noticed an eight-headed hydra
 16770 | Lair:5   | Killed a five-headed hydra
 17157 | Lair:5   | Noticed a catoblepas
 17182 | Lair:5   | HP: 2/95 [catoblepas (6)]
 17182 | Lair:5   | Mangled by a komodo dragon

Illustrated notes

Levels and vault maps discovered:
D:1:      psy_arrival_conway, layout_loops_cross
D:2:      layout_loops_ring, nicolae_overflow_hidden_temple
D:3:      layout_basic, overflow_temple_1_default, led_sif_pool,
          lemuel_doored_altar, serial_corexii_hall, corexii_hall_statues_l,
          chequers_hall_statues_y, chequers_hall_statues_wall_a,
          chequers_hall_statues_wall_a, corexii_hall_statues_deadend,
          corexii_hall_statues_i
D:4:      layout_cave_pools, nicolae_overflow_crystal_walls, minivault_4,
          uniq_natasha
D:5:      layout_basic, kiku_gazebo_pond_becter, gammafunk_ghost_mausoleum,
          bloody_trog
D:6:      layout_cave_pools, lemuel_temple_firewalk_b, kennysheep_doodads,
          eino_small_chamber_without_monster, st_stairs_14, uniq_sigmund,
          uniq_prince_ribbit1, uniq_grinder
D:7:      layout_rooms, nicolae_gozag_seed_capital, lemuel_oklob_altar
D:8:      layout_basic
D:9:      layout_small_grid, basic_altar, fedhas_altar_3
D:10:     layout_cave_pods, orc_0_dummy, serial_shops,
          nicolae_shop_behind_doors, serial_gnoll_camp, gnoll_camp_mini_hut,
          gnoll_camp_mini_shop, gnoll_camp_mini_shop, gnoll_camp_medium_02,
          gnoll_camp_mini_basic, uniq_erica, uniq_maggie, uniq_psyche
D:11:     wander_river, layout_basic, erik_lair_orcish_takeover
Lair:1:   layout_misc_corridors, chequers_serial_rivers_large_b,
          grunt_megastairs_1, serial_bayou_shore_a
Lair:2:   layout_cave_pods, guppyfry_snake_entry_island,
          chequers_serial_rivers_small_3, minmay_another_anthill,
          minmay_lair_oklob_chamber
Lair:3:   cheibrodos_magma_flow, layout_long_grid, minmay_shoals_entry_hut,
          lemuel_fruit_tree
Lair:4:   layout_cave_pods, nicolae_volcano_entry_lava_flow, fungi_pond_lemuel
Lair:5:   layout_regular_city, cheibrodos_lair_reptile_den, grunt_megastairs_2
Orc:1:    layout_caves, basic_altar, minmay_orc_temple_c

Skill      XL: |  1  2  3  4  5  6  7  8  9 10 11 12 13 |
---------------+----------------------------------------+-----
Short Blades   | 1 4 5 |  5.2
Long Blades    | 1 2 3 5 6 7 8 9 10 | 10.6
Conjurations   | 5 6 7 8 |  8.8
Stealth        | 3 4 |  4.8
Spellcasting   | 3 4 5 6 7 8 9 |  9.2
Armour         | 1 3 4 5 6 7 |  7.0
Shields        | 1 |  1.0
Fighting       | 1 2 3 4 5 6 |  6.9
Dodging        | 3 4 5 6 |  6.2
Hexes          | 2 4 5 |  5.6
Invocations    | 3 5 6 |  6.5

Action                   |  1- 3 |  4- 6 |  7- 9 | 10-12 | 13-15 || total
-------------------------+-------+-------+-------+-------+-------++-------
Melee: Unarmed           |     8 |       |       |       |       ||     8
       Dagger            |     6 |       |       |       |       ||     6
       Short sword       |    50 |     7 |       |       |       ||    57
       Long sword        |       |    36 |   169 |    43 |       ||   248
       Rapier            |       |       |       |   104 |       ||   104
       Scimitar          |       |       |       |   281 |   110 ||   391
 Cast: Magic Dart        |    54 |    47 |    97 |   252 |    93 ||   543
       Searing Ray       |     1 |     4 |    12 |    41 |    26 ||    84
       Dazzling Flash    |       |       |       |       |     2 ||     2
Evoke: Wand              |       |       |       |       |     1 ||     1
  Use: Scroll            |       |       |     2 |    21 |    11 ||    34
       Potion            |       |       |       |     3 |     5 ||     8
 Stab: Sleeping          |     3 |     3 |     4 |     4 |       ||    14
Armor: Robe              |    18 |     2 |       |       |       ||    20
       Ring mail         |       |    17 |    97 |   100 |       ||   214
       Swamp dragon scal |       |       |       |   128 |    98 ||   226
       Skin              |       |       |       |       |     2 ||     2
Dodge: Dodged            |    45 |    21 |    97 |   274 |   110 ||   547
Block: Kite shield       |     5 |       |       |       |       ||     5
       Other             |       |    10 |    46 |   112 |    24 ||   192
       Reflection        |       |     1 |     4 |     8 |       ||    13
       Rpst.: Long sword |       |     6 |    31 |     5 |       ||    42
       Scimitar          |       |       |       |    53 |    30 ||    83

Table legend: (Time is in decaauts)
 A = Elapsed time spent in this place.
 B = Non-inter-level travel time spent in this place.
 C = Inter-level travel time spent in this place.
 D = Time resting spent in this place.
 E = Time spent auto-exploring this place.
 F = Levels seen in this place.
 G = Mean time per level.
                   A        B        C        D        E       F      G
               +--------+--------+--------+--------+--------+-----+--------+
         Total |  17291 |  17291 |      0 |   5048 |      0 |  17 | 1017.1 |
       Dungeon |  10873 |  10873 |      0 |   2255 |      0 |  11 |  988.5 |
          Lair |   6415 |   6415 |      0 |   2793 |      0 |   5 | 1283.0 |
  Orcish Mines |      2 |      2 |      0 |      0 |      0 |   1 |    2.0 |
               +--------+--------+--------+--------+--------+-----+--------+

Top non-repeatable levels by time:
  Lair:3: 2132 daAuts
  Lair:4: 1526 daAuts
     D:6: 1501 daAuts
    D:10: 1441 daAuts
  Lair:2: 1287 daAuts
  Lair:1: 1177 daAuts
     D:5: 1099 daAuts
    D:11: 1067 daAuts
     D:1: 1037 daAuts
     D:8: 1001 daAuts
     D:3: 870 daAuts
     D:4: 856 daAuts
     D:2: 757 daAuts
     D:9: 632 daAuts
     D:7: 606 daAuts
